Unix NetHack Version 5.0.0-0 post-release - last build May 23 2026 06:08:33 (1c0ff79ee797540d5714e4e18072db0edd9e58ae,branch:main).

Game began 2026-05-30 02:30:24, ended 2026-05-30 02:42:29.

ARFwashere, neutral male human Tourist

                   -----
                   |...----
                  -->.....|
                  |....--.|
                  |.--.| .-
                  |.||.|  .
                  |.||.|  -
                  |.||.|
                 --.||.|
                 |..||.|
                 |.--|.|
                 |<| |.|
                 -.- |.--h-
                  .  |..@.|
                 |.. |...f--
                 ----|.....--
                     |......|
                     --.....|
                      |....--
                      |..---
                      ----
ARFwashere the Rambler      St:12 Dx:11 Co:12 In:14 Wi:11 Ch:16  Neutral
Dlvl:3  $:268 HP:0(16) Pw:6(6) AC:5  Xp:2 T:910 

Latest messages:
 What do you want to drop? [$a-np-w or ?*] m
 You drop a spellbook of charm monster.
 Your movements are now unencumbered.
 You swap places with your kitten.
 You swap places with your kitten.
 You swap places with your kitten.
 In what direction? j
 You kick a spear.
 You see here a spear.
 x - a spear.
 What do you want to drop? [$a-lnp-x or ?*] x
 You drop a spear.
 In what direction? j
 You kick a spear.
 You hear water falling on coins.
 You descend the stairs.
 Welcome to experience level 2.
 The gnome hits!
 You miss the gnome.
 The gnome hits!
 You hit the gnome.
 The gnome hits!
 You swap places with your kitten.
 The kitten misses the gnome.
 You hear crashing rock.
 The kitten misses the gnome.
 The kitten misses the gnome.
 The kitten misses the gnome.
 The kitten bites the gnome.
 The gnome misses the kitten.
 The kitten misses the gnome.
 The kitten bites the gnome.
 The gnome is killed!
 You swap places with your kitten.
 You swap places with your kitten.
 The gnome hits!
 You swap places with your kitten.
 The kitten misses it.
 The kitten misses it.
 The kitten bites the gnome.
 The gnome is killed!
 You hear crashing rock.
 The dwarf swings her pick-axe.
 The dwarf hits!
 You die...
 Do you want your possessions identified? [ynq] (y) y
 Do you want to see your attributes? [ynq] (y) y
 Do you want an account of creatures vanquished? [ynaq] (y) y
 Do you want to see your conduct and achievements? [ynq] (y) y
 Do you want to see the dungeon overview? [ynq] (y) y

Inventory:
 Coins    ('$')
  $ - 268 gold pieces
 Weapons  (')')
  a - 33 +2 darts (at the ready)
 Armor    ('[')
  j - an uncursed +0 Hawaiian shirt with a water nymph motif (being worn)
  w - an uncursed +1 scale mail (being worn)
 Comestibles  ('%')
  d - 6 uncursed slime molds
  f - an uncursed cram ration
  g - 4 uncursed food rations
  u - an uncursed tripe ration
  e - an uncursed tin of smoked jackal meat
  c - an uncursed tin of spinach
  b - 4 uncursed eggs
 Scrolls  ('?')
  q - an uncursed scroll of enchant armor
  i - 4 uncursed scrolls of magic mapping
 Potions  ('!')
  h - 2 uncursed potions of extra healing
  p - an uncursed potion of healing
  t - an uncursed potion of oil
  r - an uncursed potion of speed
 Wands    ('/')
  v - a blessed wand of nothing (0:15)
 Tools    ('(')
  l - an uncursed credit card
  k - an expensive camera (0:87)
  n - an uncursed oil lamp
  s - an uncursed skeleton key

ARFwashere the Tourist's attributes:

Background:
 You were a Rambler, a level 2 male human Tourist.
 You were neutral, on a mission for The Lady
 who was opposed by Blind Io (lawful) and Offler (chaotic).
 You were right-handed.
 You were in the Gnomish Mines, on level 3.
 You entered the dungeon 910 turns ago.
 It was nighttime.
 You had 22 experience points, 18 more were needed to attain level 3.

Basics:
 You had 0 out of 16 hit points.
 You had all 6 energy points (spell power).
 Your armor class was 5.
 Your wallet contained 268 zorkmids.
 Autopickup was on for '$' plus thrown.

Final Characteristics:
 Your strength was 12 (limit:18/100).
 Your dexterity was 11 (limit:18).
 Your constitution was 12 (limit:18).
 Your intelligence was 14 (limit:18).
 Your wisdom was 11 (limit:18).
 Your charisma was 16 (limit:18).

Final Status:
 You weren't hungry.
 You were unencumbered.
 You were bare handed.
 You were unskilled in bare handed combat.

Final Attributes:
 You were aligned.
 You were warded.
 Your spell casting was impaired by metallic armor.
 You are dead.

Miscellaneous:
 You didn't encounter any bones levels.
 Total elapsed playing time was 12 minutes and 3 seconds.

Major events:
 Turn
    1: ARFwashere the neutral male human Tourist entered the dungeon
  866: entered the Gnomish Mines
  910: killed by a dwarf

Spells:
 Name                 Level Category     Fail Retention
 charm monster          5   enchantment  100%  76%-100%

Skills:
 Fighting Skills
   bare handed combat [Unskilled]
   two weapon combat  [Unskilled]
   riding             [Unskilled]
 Weapon Skills
   dagger             [Unskilled]
   knife              [Unskilled]
   axe                [Unskilled]
   pick-axe           [Unskilled]
   short sword        [Unskilled]
   broadsword         [Unskilled]
   long sword         [Unskilled]
   two-handed sword   [Unskilled]
   saber              [Unskilled]
   mace               [Unskilled]
   morning star       [Unskilled]
   flail              [Unskilled]
   hammer             [Unskilled]
   quarterstaff       [Unskilled]
   polearms           [Unskilled]
   spear              [Unskilled]
   trident            [Unskilled]
   lance              [Unskilled]
   bow                [Unskilled]
   sling              [Unskilled]
   crossbow           [Unskilled]
   dart               [Basic]
   shuriken           [Unskilled]
   boomerang          [Unskilled]
   whip               [Unskilled]
   unicorn horn       [Unskilled]
 Spellcasting Skills
   divination spells  [Unskilled]
   enchantment spells [Unskilled]
   escape spells      [Unskilled]

Voluntary challenges:
 Character rerolling was not enabled.
 You were an atheist.
 You never hit with a wielded weapon.
 You never genocided any monsters.
 You never polymorphed an object.
 You never changed form.
 You used no wishes.
Achievement:
 You entered the Gnomish Mines.

 The Dungeons of Doom: levels 1 to 3
    Level 1:
       A fountain, a grave.
    Level 2:
       A fountain, a grave.
       Stairs down to The Gnomish Mines.
    Level 3:
       A fountain.
 The Gnomish Mines:
    Level 3: <- You were here.
       Final resting place for
          you, killed by a dwarf.


Vanquished creatures:
  2 gnomes
  a jackal
  a goblin
  a sewer rat
  2 grid bugs
  a lichen
  3 newts
11 creatures vanquished.

No species were genocided or became extinct.

Game over:
                       ----------
                      /          \
                     /    REST    \
                    /      IN      \
                   /     PEACE      \
                  /                  \
                  |    ARFwashere    |
                  |      268 Au      |
                  |   killed by a    |
                  |      dwarf       |
                  |                  |
                  |                  |
                  |       2026       |
                 *|     *  *  *      | *
        _________)/\\_//(\/(/\)/\//\/|_)_______

Aloha ARFwashere the Tourist...

You died in The Gnomish Mines on dungeon level 3 with 241 points,
and 268 pieces of gold, after 910 moves.
You were level 2 with a maximum of 16 hit points when you died.

